 Dungeon Crawl Stone Soup version 0.31.0-32-g396128a36d (webtiles) character file.

Game seed: 246944025129487073

228 Dvallin the Changeling (level 5, 0/24 HPs)
             Began as a Draconian Shapeshifter on Apr 1, 2024.
             Killed by nerve-wracking pain
             ... invoked by an orc priest
              (13 damage)
             ... on level 4 of the Dungeon.
             The game lasted 00:03:22 (2887 turns).

Dvallin the Changeling (Draconian Shapeshifter)     Turns: 2887, Time: 00:03:22

Health: 0/24       AC:  5    Str: 17    XL:     5   Next: 71%
Magic:  5/5        EV: 12    Int: 10    God:
Gold:   147        SH:  0    Dex: 12    Spells: 4/4 levels left

rFire   . .          .
                       - Unarmed
rCold   . . .        (no shield)
rNeg    . . .        (body armour unavailable)
rPois   .            (helmet restricted)
rElec   .            (no cloak)
rCorr   .            (no gloves)
SInv    .            (no boots)
Will    .....        (no amulet)
Stlth   +            (no ring)
HPRegen 0.24/turn    (no ring)
MPRegen 0.09/turn

%: no passive effects
@: maw-form
A: devouring maw, reduced hp, AC +5, unfitting armour, cold-blooded
a: Begin Untransformation


You were on level 4 of the Dungeon.
You were a creature with a mouth for a stomach.
You visited 1 branch of the dungeon, and saw 4 of its levels.

You collected 147 gold pieces.

Inventory:

Missiles
 f - 3 throwing nets (quivered)
Talismans
 b - a beast talisman
 c - a flux talisman
 g - a maw talisman (active)
Wands
 o - a wand of flame (26)
Scrolls
 e - 3 scrolls of identify {unknown}
 k - a scroll of noise {unknown}
 l - a scroll of poison {unknown}
 m - 2 scrolls of teleportation {unknown}
 n - a scroll of amnesia {unknown}
 p - a scroll of acquirement {unknown}
 q - 2 scrolls of blinking {unknown}
 r - a scroll of enchant weapon {unknown}
 s - a scroll of brand weapon {unknown}
Potions
 a - a potion of lignification
 d - a potion of curing {unknown}
 h - 3 potions of resistance {unknown}
 i - a potion of magic {unknown}
 j - 2 potions of heal wounds {unknown}
 t - a potion of mutation {unknown}


   Skills:
 - Level 1.1 Fighting
 - Level 1.7 Dodging
 - Level 3.0 Unarmed Combat
 + Level 6.1 Shapeshifting


You had 4 spell levels left.
You didn't know any spells.
Your spell library contained the following spells:

 Spells                   Type           Power      Damage    Failure   Level
 Lesser Beckoning         Tloc           0%         N/A       50%         2
 Gell's Gravitas          Tloc           0%         N/A       75%         3
 Teleport Other           Tloc           0%         N/A       75%         3


Dungeon Overview and Level Annotations

Branches:
Dungeon (4/15)
 Temple: D:4-7

Altars:
Hepliaklqana
Sif Muna


Innate Abilities, Weirdness & Mutations

You are a creature with a mouth for a stomach.
Your midsection houses a second, enormous mouth.
Your maximum health is decreased, since you lack skill for your form.
Your plain brown scales are hard. (AC +5)
You cannot fit into any form of body armour.
You are cold-blooded and may be slowed by cold attacks.


Message History

You hit the orc.
The orc is heavily wounded.
The orc priest calls upon Beogh to heal the orc.
The orc's wounds heal themselves!
The orc hits you but does no damage.
You barely miss the orc.
Your tail-slap misses the orc.
You bite the orc.
The orc is severely wounded.
You punch the orc!
You kill the orc!
You barely miss the orc.
Your tail-slap misses the orc.
You bite the orc.
The orc is lightly wounded.
The orc priest hits you from afar with a +0 trident.
The orc hits you with a +0 hand axe.
You hit the orc.
You devour the orc!
You feel better.
You kill the orc!
The orc priest barely misses you. The orc barely misses you.
You closely miss the orc. Your bite misses the orc.
The orc priest closely misses you. The orc hits you with a +0 whip.
The hobgoblin hits you.
You punch the orc!
You kill the orc!
The hobgoblin hits you but does no damage.
The orc priest hits you but does no damage.
You hit the hobgoblin but do no damage.
You tail-slap the hobgoblin, but do no damage.
You bite the hobgoblin.
The hobgoblin is moderately wounded.
The hobgoblin hits you.
The orc priest invokes the aid of Beogh against you.
You barely resist. You hit the hobgoblin.
The hobgoblin is almost dead.
The hobgoblin hits you but does no damage.
The orc priest hits you but does no damage.
You barely miss the hobgoblin.
The hobgoblin is almost dead.
The hobgoblin hits you.
The orc priest mumbles some strange prayers to Beogh against you.
Pain shoots through your body!
Ouch! That really hurt!
You die...

#........
####........#.....###
#...........#.......###
...#####............#.##
.### #..............# .#
...#.........# .#
#.#....o....## .##
#.#..))#.....# ..#
#.#...Wg...# #<#
#.........## #.## #
#........## #..# # .#
##...##..#
...###..#####.## .##
..............# .#
###.####>.....###.##
##..# #..###..#...#
#...# ##.# ##.....#


You could see an orc priest and a hobgoblin.

Vanquished Creatures
  An iguana (D:4)
  Terence (D:2)
  Natasha (twice) (D:2)
  A gnoll (D:4)
  6 adders
  A ribbon worm (D:2)
  5 orcs (D:4)
  3 endoplasms
  4 giant cockroaches
  9 goblins
  5 hobgoblins
  2 jackals (D:3)
  5 kobolds
  A quokka (D:3)
  9 ball pythons
  5 bats
  2 rats (D:3)
62 creatures vanquished.

Notes
Turn   | Place    | Note
-------+----------+-------------------------------------------
     0 | D:1      | Dvallin the Draconian Shapeshifter began the quest for the
                  | Orb.
     0 | D:1      | Reached XP level 1. HP: 16/16 MP: 1/1
   229 | D:1      | Reached XP level 2. HP: 23/23 MP: 2/2
  1016 | D:2      | Reached skill level 4 in Shapeshifting
  1016 | D:2      | Reached XP level 3. HP: 11/28 MP: 3/3
  1380 | D:2      | Noticed Natasha
  1383 | D:2      | Killed Natasha
  1384 | D:2      | Reached XP level 4. HP: 16/35 MP: 4/4
  1426 | D:2      | Noticed Natasha
  1431 | D:2      | Killed Natasha
  1432 | D:2      | Reached skill level 5 in Shapeshifting
  1484 | D:2      | Noticed Terence
  1500 | D:2      | Killed Terence
  1501 | D:2      | Reached XP level 5. HP: 9/40 MP: 5/5
  2207 | D:3      | Found a shimmering blue altar of Sif Muna.
  2222 | D:3      | Found a hazy altar of Hepliaklqana.
  2753 | D:4      | Reached skill level 6 in Shapeshifting
  2887 | D:4      | Killed from afar by an orc priest

Illustrated notes

Levels and vault maps discovered:
D:1:      elethiomel_arrival_infinity_welcomes_careful_drivers, layout_basic,
          hex_intersection, kennysheep_doodads
D:2:      layout_basic, chequers_serial_rivers_micro_b, uniq_natasha,
          uniq_terence
D:3:      layout_loops_corners, grunt_temple_overflow_open
D:4:      layout_layer_cave, mainiacjoe_overflow_boulevard, minmay_cut_off

Skill      XL: |  1  2  3  4  5 |
---------------+----------------+-----
Shapeshifting  | 4 5 6 |  6.1
Fighting       | |  1.1
Dodging        | |  1.7
Unarmed Combat | |  3.0

Action                     |  1- 3 |  4- 6 || total
---------------------------+-------+-------++-------
  Melee: Unarmed           |    73 |    90 ||   163
         Maw               |     9 |    36 ||    45
         Tailslap          |     2 |    11 ||    13
         Punch             |     1 |       ||     1
   Stab: Sleeping          |     1 |     2 ||     3
 Armour: Skin              |    37 |    44 ||    81
  Dodge: Dodged            |    41 |    51 ||    92
   Form: Maw               |     1 |       ||     1
